 Dungeon Crawl Stone Soup version 0.25.1-11-g244df3a29b (webtiles) character file.

Game seed: 8626822105950576384

35 Nidhogg036 the Charmwright (level 3, -1/25 HPs)
             Began as a Human Wanderer on May 12, 2023.
             Was a Follower of Vehumet.
             Slain by a frilled lizard (3 damage)
             ... on level 3 of the Dungeon.
             The game lasted 00:05:31 (2257 turns).

Nidhogg036 the Charmwright (Human Wanderer)         Turns: 2257, Time: 00:05:31

Health: -1/25      AC:  2    Str: 12    XL:     3   Next: 55%
Magic:  2/5        EV: 11    Int: 12    God:    Vehumet [*.....]
Gold:   94         SH:  0    Dex: 13    Spells: 4/5 levels left

rFire    . . .     SeeInvis .   l - -3 spear (curse)
rCold    . . .     Gourm    .   (no shield)
rNeg     . . .     Faith    .   d - +0 robe
rPois    .         Spirit   .   (no helmet)
rElec    .         Reflect  .   (no cloak)
rCorr    .         Harm     .   (no gloves)
MR       .....                  (no boots)
Stlth    +.........             (no amulet)
HPRegen  0.08/turn              (no ring)
MPRegen  0.09/turn              (no ring)

@: lethally poisoned (-1 -> -5), very slightly contaminated
A: no striking features
a: Renounce Religion


You were on level 3 of the Dungeon.
You worshipped Vehumet.
Vehumet was aware of your devotion.
You were very hungry.

You visited 1 branch of the dungeon, and saw 3 of its levels.

You collected 94 gold pieces.

Inventory:

Hand Weapons
 a - a +0 club
 l - a cursed -3 spear (weapon)
Armour
 d - a +0 robe (worn)
Wands
 c - a wand of random effects (15)
Scrolls
 e - 3 scrolls of identify {unknown}
 f - a scroll of magic mapping {unknown}
 g - a scroll of amnesia {unknown}
 h - a scroll of enchant armour {unknown}
 m - a scroll of teleportation {unknown}
 n - a scroll of remove curse {unknown}
Potions
 b - 2 potions of might {unknown}
 i - 4 potions of mutation {unknown}
 j - a potion of flight {unknown}
 k - a potion of degeneration {unknown}
 o - a potion of resistance {unknown}


   Skills:
 + Level 0.6 Fighting
 + Level 0.9 Maces & Flails
 + Level 1.3 Throwing
 + Level 0.4 Dodging
 + Level 0.1 Stealth
 + Level 1.7 Spellcasting
   Level 4.0 Charms
   Level 1.0 Summonings
   Level 2.0 Poison Magic
 + Level 1.7 Evocations


You had 4 spell levels left.
You knew the following spells:

 Your Spells              Type           Power        Failure   Level  Hunger
a - Shock                 Conj/Air       #...         28%         1    ##.....

Your spell library contained the following spells:

 Spells                   Type           Power        Failure   Level  Hunger
 Infusion                 Chrm           ##..         5%          1    ##.....
 Song of Slaying          Chrm           ##......     9%          2    ###....
 Summon Butterflies       Summ           #.......     19%         1    ##.....
 Shroud of Golubria       Chrm/Tloc      #.....       19%         2    ###....
 Ozocubu's Armour         Chrm/Ice       #.......     36%         3    ####...
 Spectral Weapon          Hex/Chrm       #.......     36%         3    ####...
 Summon Guardian Golem    Hex/Summ       #.......     56%         3    ####...


Dungeon Overview and Level Annotations

Branches:
Dungeon (3/15)

Altars:
Sif Muna
Vehumet


Message History

The frilled lizard closely misses you. The adder bites you but does no damage.
The frilled lizard bites you.
* * * LOW HITPOINT WARNING * * *
You hit the adder but do no damage.
The adder is heavily wounded.
The adder bites you.
* * * LOW HITPOINT WARNING * * *
The frilled lizard barely misses you.
You hit the adder.
The adder is severely wounded.
The adder bites you.
* * * LOW HITPOINT WARNING * * *
You are lethally poisoned!
The adder poisons you! The adder bites you but does no damage.
The frilled lizard bites you but does no damage.
You miss the adder.
The adder is severely wounded.
* * * LOW HITPOINT WARNING * * *
You feel sick. The adder completely misses you. The frilled lizard bites you.
You die...

#..##########
#...†.<@....#
#..#.#lS....#
#........#
###......#
.........
##[#......#
..#.....##
###.....#


You could see an adder and a frilled lizard.

Vanquished Creatures
  A worm (D:2)
  2 dart slugs (D:1)
  4 bats
  5 goblins
  3 hobgoblins
  4 jackals (D:1)
  3 kobolds
  5 rats
27 creatures vanquished.

Notes
Turn   | Place    | Note
-------+----------+-------------------------------------------
     0 | D:1      | Nidhogg036 the Human Wanderer began the quest for the Orb.
     0 | D:1      | Nidhogg036 set off with the following items: a +0 club, a
                  | wand of random effects (15), a +0 robe, a ration; and the
                  | following spells available to memorise: Infusion, Song of
                  | Slaying, Summon Butterflies, Shroud of Golubria, Ozocubu's
                  | Armour, Spectral Weapon, Summon Guardian Golem
     0 | D:1      | Reached XP level 1. HP: 13/13 MP: 2/2
   155 | D:1      | Reached XP level 2. HP: 9/19 MP: 3/3
   927 | D:1      | Reached XP level 3. HP: 20/24 MP: 5/5
  1028 | D:1      | HP: 1/24 [hobgoblin/+0 club (3)]
  1657 | D:2      | Found a faded altar of an unknown god.
  1667 | D:2      | Became a worshipper of Vehumet
  1667 | D:2      | Reached * piety under Vehumet
  1667 | D:2      | Offered knowledge of Shock by Vehumet.
  1670 | D:2      | Learned a level 1 spell: Shock
  1938 | D:2      | Found a shimmering blue altar of Sif Muna.
  2257 | D:3      | Slain by a frilled lizard

Illustrated notes

Levels and vault maps discovered:
D:1:      wander_arrival_fairy_ring, layout_loops_ring
D:2:      layout_rooms, led_sif_pool, chequers_ecumenical_altar_simple,
          minivault_23
D:3:      layout_basic

Action                   || total
-------------------------++-------
Melee: Club              ||   117
       Spear             ||    15
 Cast: Shock             ||     3
 Stab: Sleeping          ||     1
  Eat: Ration            ||     1
Armor: Robe              ||    37
Dodge: Dodged            ||   102
